 Dungeon Crawl Stone Soup version 0.31-a0-801-gc67433417a (webtiles) character file.

Game seed: 13497086994217042383

29 Essalna the Conjurer (level 3, 24/24 HPs)
             Began as a Demonspawn Conjurer on Sept 20, 2023.
             Got out of the dungeon alive.
             The game lasted 00:01:29 (1137 turns).

Essalna the Conjurer (Demonspawn Conjurer)          Turns: 1137, Time: 00:01:29

Health: 24/24      AC:  3    Str:  7    XL:     3   Next: 1%
Magic:  7/7        EV: 12    Int: 21    God:
Gold:   46         SH:  0    Dex: 11    Spells: 6/7 levels left

rFire   . . .        c - +0 dagger
rCold   . . .        (no shield)
rNeg    . . .        a - +0 robe
rPois   +            (helmet restricted)
rElec   .            (no cloak)
rCorr   .            (no gloves)
SInv    .            e - +0 pair of boots
Will    .....        (no amulet)
Stlth   ++           i - ring of poison resistance
HPRegen 0.24/turn    (no ring)
MPRegen 0.20/turn

%: no passive effects
@: no status effects
A: horns 1, magic regeneration
a: no special abilities


You escaped.
You visited 1 branch of the dungeon, and saw 2 of its levels.

You collected 46 gold pieces.

Inventory:

Hand Weapons
 c - a +0 dagger (weapon)
Armour
 a - a +0 robe (worn)
 e - a +0 pair of boots (worn)
Jewellery
 i - a ring of poison resistance (left hand)
Scrolls
 d - a scroll of fear {unknown}
 f - a scroll of identify {unknown}
 h - a scroll of teleportation {unknown}
 k - a scroll of torment {unknown}
 l - a scroll of silence {unknown}
Potions
 b - a potion of magic
 g - a potion of curing {unknown}
 j - a potion of might {unknown}


   Skills:
 - Level 1.7 Dodging
 - Level 1.7 Stealth
 + Level 2.7 Spellcasting
 + Level 4.5 Conjurations


You had 6 spell levels left.
You knew the following spells:

 Your Spells              Type           Power      Damage    Failure   Level
a - Magic Dart            Conj           84%        1d7       2%          1

Your spell library contained the following spells:

 Spells                   Type           Power      Damage    Failure   Level
 Searing Ray              Conj           42%        2d6       3%          2
 Dazzling Flash           Conj/Hex       24%        N/A       16%         3
 Call Imp                 Summ           4%         N/A       21%         2
 Mephitic Cloud           Conj/Pois/Air  9%         N/A       22%         3
 Fulminant Prism          Conj/Hex       6%         3d7       47%         4
 Iskenderun's Mystic Bla  Conj/Tloc      12%        2d5       47%         4


Dungeon Overview and Level Annotations

Branches:
Dungeon (2/15)

Altars:
Cheibriados


Innate Abilities, Weirdness & Mutations

You have a pair of small horns on your head.
You regenerate magic rapidly.


Message History

Found a stone staircase leading down.
Found a stone staircase leading up.
There is a stone staircase leading down here.
Found a stone staircase leading up.
Key pressed, stopping explore.
Key pressed, stopping explore.
A worm comes into view.
A worm is nearby!
A worm is nearby!
The magic dart hits the worm.
The worm is lightly wounded.
The magic dart hits the worm.
The worm is moderately wounded.
The magic dart hits the worm.
The worm is severely wounded.
The magic dart hits the worm.
The worm is severely wounded.
The magic dart hits the worm.
The worm is severely wounded.
The magic dart hits the worm.
The worm is severely wounded.
You are out of magic!
You are out of magic!
You are out of magic!
You hit the worm.
The worm is almost dead.
You hit the worm.
You kill the worm!
You have reached level 3!
Your experience leads to an increase in your attributes!
Increase (S)trength, (I)ntelligence, or (D)exterity?
You feel clever. x2; Your demonic ancestry asserts itself...
A pair of horns grows on your head!
There is a stone staircase leading up here.
You climb upwards.
There is a stone staircase leading down here.
You see here a +0 short sword.
Magic restored.
There is a staircase leading out of the dungeon here.
You have escaped!

.................................
.................................
#................................
..∩........................♣.....
...............................♣.
..♣..∩......................∩..§.
#...§§..∩.....♣...♣....∩..♣.§..§.
##~§§§§§...∩.............§.§.§§§#
##§§§§§§§§.....@..♣.∩.§§§~§§§###
##§~§§~§~§........§..§§~~§###
##≈§~§§§~~§......~§~~~§§##
#≈≈§§~~§~~~~~~~~~§§§≈§≈#
#≈≈§§§≈§§~§~~~~~≈≈≈≈§§##
##≈≈≈≈≈≈§§≈≈≈≈≈≈≈≈≈§≈##
#######################


There were no monsters in sight!

Vanquished Creatures
  2 worms (D:2)
  A dart slug (D:2)
  An endoplasm (D:1)
  A giant cockroach (D:1)
  3 goblins (D:1)
  2 hobgoblins (D:2)
  4 kobolds (D:1)
  A quokka (D:1)
  2 ball pythons (D:2)
  A bat (D:2)
  4 rats (D:1)
22 creatures vanquished.

Notes
Turn   | Place    | Note
-------+----------+-------------------------------------------
     0 | D:1      | Essalna the Demonspawn Conjurer began the quest for the
                  | Orb.
     0 | D:1      | Reached XP level 1. HP: 13/13 MP: 3/3
   344 | D:1      | Gained mutation: You regenerate magic rapidly. [demonic
                  | ancestry]
   344 | D:1      | Reached XP level 2. HP: 19/19 MP: 3/5
   866 | D:2      | Found a snail-covered altar of Cheibriados.
  1068 | D:2      | Gained mutation: You have a pair of small horns on your
                  | head. [demonic ancestry]
  1068 | D:2      | Reached XP level 3. HP: 24/24 MP: 0/7
  1137 | D:$      | Got out of the dungeon alive.

Illustrated notes

Levels and vault maps discovered:
D:1:      tekkud_arrival_beachfront_property, layout_basic
D:2:      layout_basic, serial_rivers, chequers_serial_rivers_micro_a,
          chequers_serial_rivers_room_a, chequers_serial_rivers_large_b,
          chequers_serial_rivers_marsh, basic_altar,
          shapermc_ecumenical_altar_gd

Action                     || total
---------------------------++-------
  Melee: Dagger            ||     3
   Cast: Magic Dart        ||    58
 Armour: Robe              ||     4
  Dodge: Dodged            ||     2

Table legend: (Time is in decaauts)
 A = Elapsed time spent in this place.
 B = Non-inter-level travel time spent in this place.
 C = Inter-level travel time spent in this place.
 D = Time resting spent in this place.
 E = Time spent auto-exploring this place.
 F = Levels seen in this place.
 G = Mean time per level.
                   A        B        C        D        E       F      G
               +--------+--------+--------+--------+--------+-----+--------+
         Total |   1136 |   1058 |     78 |      0 |    916 |   2 |  568.0 |
       Dungeon |   1136 |   1058 |     78 |      0 |    916 |   2 |  568.0 |
               +--------+--------+--------+--------+--------+-----+--------+

Top non-repeatable levels by time:
     D:1: 816 daAuts
     D:2: 320 daAuts
